 Dungeon Crawl Stone Soup version 0.19.5 (webtiles) character file.

24035 tidbits the Carver (level 12, -2/81 HPs)
             Began as a High Elf Skald on Nov 14, 2017.
             Was a High Priest of Makhleb.
             Slain by an ogre
             ... wielding a +0 giant club
              (3 damage)
             ... while paralysed by an orc sorcerer
             ... on level 2 of the Orcish Mines.
             The game lasted 01:10:35 (7764 turns).

tidbits the Carver (High Elf Skald)                 Turns: 7764, Time: 01:10:36

Health: -2/81      AC: 14    Str: 17    XL:     12   Next: 77%
Magic:  13/19      EV:  2    Int: 18    God:    Makhleb [*****.]
Gold:   910        SH:  0    Dex: 16    Spells: 6 memorised, 5 levels left

rFire  . . .     SeeInvis .     a - +4 arc blade {discharge, rElec}
rCold  . . .     Gourm    .     B - +0 ring mail
rNeg   . . .     Faith    .     D - +0 buckler
rPois  +         Spirit   .     E - +0 helmet
rElec  +         Reflect  +     C - +2 cloak
rCorr  .         Harm     .     G - +1 pair of gloves {Str+3}
MR     +....                    (no boots)
Stlth  ++........               v - +4 amulet of reflection
                                z - ring of stealth
                                x - ring of poison resistance

@: paralysed, repel missiles
A: no striking features
a: Minor Destruction, Lesser Servant of Makhleb, Major Destruction, Greater
Servant of Makhleb, Renounce Religion


You were on level 2 of the Orcish Mines.
You worshipped Makhleb.
Makhleb was extremely pleased with you.
You were not hungry.

You visited 3 branches of the dungeon, and saw 14 of its levels.
You also visited: Sewer, Ossuary and Ice Cave.

You collected 1126 gold pieces.
You spent 216 gold pieces at shops.

Inventory:

Hand Weapons
 a - the +4 arc blade (weapon) {discharge, rElec}
   (You found it on level 8 of the Dungeon)

   It insulates you from electricity.
 b - a +0 scimitar of holy wrath
   (You found it on level 6 of the Dungeon)
 d - the +2 dagger "Jyulor" {elec, rC- MR++ Int+2}
   (You took it off an orc on level 7 of the Dungeon)

   Occasionally, upon striking a foe, it will discharge some electrical energy
   and cause terrible harm.
   It affects your intelligence (+2).
   It makes you vulnerable to cold.
   It affects your resistance to hostile enchantments.
 l - a +0 shortbow
   (You took it off a centaur on level 5 of the Dungeon)
 R - a +3 great sword of freezing
   (You found it in an ice cave)
 V - a +3 quarterstaff of chaos
   (You took it off Crazy Yiuf on level 6 of the Dungeon)
Missiles
 f - 4 javelins (quivered)
 i - 251 arrows
 M - 2 throwing nets {!f}
Armour
 B - a +0 ring mail (worn)
   (You found it on level 2 of the Dungeon)
 C - a +2 cloak (worn)
   (You took it off Crazy Yiuf on level 6 of the Dungeon)
 D - a +0 buckler (worn)
   (You took it off a gnoll sergeant on level 7 of the Dungeon)
 E - a +0 helmet (worn)
   (You bought it in a shop on level 9 of the Dungeon)
 G - a +1 pair of gloves of strength (worn)
   (You found it in an ice cave)
Jewellery
 n - an uncursed ring of ice
   (You took it off a frost giant in an ice cave)
 v - a +4 amulet of reflection (around neck)
   (You found it on level 3 of the Dungeon)
 x - a ring of poison resistance (left hand)
   (You found it on level 4 of the Dungeon)
 z - a ring of stealth (right hand)
   (You found it on level 4 of the Dungeon)
Wands
 p - a wand of flame (29/48)
   (You found it in an ice cave)
 s - a wand of heal wounds (9/9)
   (You found it in an ice cave)
 u - a wand of paralysis (12/24)
   (You found it in an ice cave)
 w - a wand of confusion (26/48)
   (You found it on level 4 of the Dungeon)
 y - a wand of lightning (4/15)
   (You found it in an ice cave)
 A - a wand of paralysis (8/24)
   (You found it on level 6 of the Dungeon)
 H - a wand of disintegration (3/24)
   (You found it on level 5 of the Dungeon)
 S - a wand of iceblast (8/15)
   (You found it on level 6 of the Dungeon)
 Y - a wand of paralysis (12/24)
   (You found it on level 6 of the Dungeon)
Scrolls
 j - a scroll of teleportation
 L - 2 scrolls of enchant weapon
 Z - a scroll of fog
Potions
 e - a potion of haste
 g - 3 potions of brilliance
 o - 2 potions of lignification
 q - 3 potions of heal wounds {unknown}
 r - 2 potions of mutation {unknown}
 J - a potion of magic
 K - a potion of curing
 N - a potion of berserk rage
 O - 2 potions of degeneration
 P - a potion of invisibility
 T - 2 potions of flight
 W - a potion of resistance
Books
 F - a book of Minor Magic
   (You found it on level 4 of the Dungeon)

   Spells                             Type                      Level
   a - Magic Dart                     Conjuration                  1
   b - Blink                          Translocation                2
   c - Call Imp                       Summoning                    2
   d - Repel Missiles                 Charms/Air                   2
   e - Slow                           Hexes                        2
   f - Conjure Flame                  Conjuration/Fire             3
   g - Mephitic Cloud                 Conjuration/Poison/Air       3
 Q - a book of Maledictions
   (You found it on level 10 of the Dungeon)

   Spells                             Type                      Level
   a - Corona                         Hexes                        1
   b - Ensorcelled Hibernation        Hexes/Ice                    2
   c - Confuse                        Hexes                        3
   d - Tukima's Dance                 Hexes                        3
   e - Dazzling Spray                 Conjuration/Hexes            3
 U - a book of Air
   (You found it on level 7 of the Dungeon)

   Spells                             Type                      Level
   a - Shock                          Conjuration/Air              1
   b - Swiftness                      Charms/Air                   2
   c - Repel Missiles                 Charms/Air                   2
   d - Static Discharge               Conjuration/Air              3
   e - Lightning Bolt                 Conjuration/Air              5
Comestibles
 c - a bread ration
 h - 3 chunks of flesh
 X - a meat ration


   Skills:
 + Level 7.5 Fighting
 * Level 13.2 Long Blades
 - Level 6.7 Bows
 - Level 8.5 Armour
 + Level 7.9 Dodging
 - Level 4.4 Shields
 - Level 4.1 Spellcasting
 - Level 2.1 Hexes
 - Level 5.0 Charms
 - Level 2.2 Necromancy
 - Level 4.2 Translocations
 - Level 6.8 Invocations
 - Level 4.4 Evocations


You had 5 spell levels left.
You knew the following spells:

 Your Spells              Type           Power        Failure   Level  Hunger
b - Blink                 Tloc           N/A          10%         2    ##.....
g - Shroud of Golubria    Chrm/Tloc      ###.......   8%          2    ##.....
m - Repel Missiles        Chrm/Air       ##....       14%         2    ##.....
r - Regeneration          Chrm/Necr      ###.......   17%         3    ###....
w - Spectral Weapon       Hex/Chrm       ###.....     17%         3    ###....
y - Song of Slaying       Chrm           ###.....     6%          2    ##.....


Dungeon Overview and Level Annotations

Branches:
Dungeon (11/15)            Temple (1/1) D:7            Lair (0/6) D:10
    Orc (2/2) D:10            Elf (0/3) Orc:2

Altars:
Ashenzari
Cheibriados
Dithmenos
Elyvilon
Fedhas
Hepliaklqana
Kikubaaqudgha
Makhleb
Nemelex Xobeh
Okawaru
Ru
Sif Muna
Trog
Uskayaw
Vehumet
Xom
Yredelemnul
Zin
The Shining One
Beogh

Shops:
D:9 [   Orc:2 ?

Annotations:
D:3 Xiguana's ghost, amateur VSWz
D:5 Pikel


Message History

There is an entrance to Gufeush's Magic Scroll Shoppe here.
k - 3 scrolls of identify;
k - 4 scrolls of identify (gained 1)
k - 5 scrolls of identify (gained 1) Thank you for shopping at Gufeush's Magic Scroll Shoppe!
You can access your shopping list by pressing '$'.
As you read the scroll of identify, it crumbles to dust.
J - a potion of magic
As you read the scroll of identify, it crumbles to dust.
P - a potion of invisibility
As you read the scroll of identify, it crumbles to dust.
O - 2 potions of degeneration Some of the chunks of flesh in your inventory have rotted away.
As you read the scroll of identify, it crumbles to dust.
Z - a scroll of fog
As you read the scroll of identify, it crumbles to dust.
L - 2 scrolls of enchant weapon You are feeling very hungry.
Drop what? 48/52 slots (_ for help) (? for menu, Esc to quit)
Okay, then.
You can access your shopping list by pressing '$'.
Eat one of 4 chunks of flesh? (ye/n/q)
You start eating one of the 4 chunks of flesh.
This raw flesh tastes terrible.
You open the door.
An orc, 3 orc wizards, an orc sorcerer and an ogre come into view.
An orc wizard is wielding a dagger of venom.
The orc wizard shouts! x2; The ogre shouts!
The orc sorcerer shouts!
The orc wizard moves out of view.
The orc sorcerer gestures at you while chanting.
The bolt of fire hits you!
Found a radiant altar of Vehumet.
The orc sorcerer moves out of view.
The orc wizard casts a spell.
The orc wizard blinks!
An orc wizard comes into view. It is wielding a dagger.
The orc shouts!
You hear a shout! x3
You hit the orc.
The orc is severely wounded.
The orc wizard gestures wildly while chanting.
The orc wizard seems to speed up.
You block the orc's attack.
Casting: Spectral Weapon
Confirm with . or Enter, or press ? or * to list all spells.
You draw out your weapon's spirit!
You block the orc's attack.
You hit the orc but do no damage.
The orc is severely wounded.
You hit the orc.
You kill the orc!
Makhleb accepts your kill.
You feel better. The ogre barely misses you.
You hit the orc sorcerer.
The orc sorcerer is lightly wounded.
Your spectral weapon hits the orc sorcerer!
The orc sorcerer gestures wildly while chanting.
You hit the orc sorcerer.
The orc sorcerer is heavily wounded.
Your spectral weapon hits the orc sorcerer.
The ogre barely misses you.
The orc wizard gestures wildly while chanting.
The orc wizard seems to speed up.
You hit the orc sorcerer but do no damage.
The orc sorcerer is heavily wounded.
Your spectral weapon hits the orc sorcerer!
The orc sorcerer is struck by lightning.
The lightning arcs!
The ogre is struck by lightning.
The lightning arcs!
You are struck by lightning.
You resist.
The lightning arcs!
The ogre is struck by lightning.
The lightning grounds out.
The orc sorcerer gestures at you while chanting.
You suddenly lose the ability to move!
The soul eater hits your spectral weapon.
Your spectral weapon shares its damage with you!
The orc wizard gestures wildly while chanting.
The orc wizard flickers and vanishes!
Deactivating autopickup; reactivate with Ctrl-A.
The ogre hits you with a giant club!!
The orc sorcerer hits your spectral weapon with a dagger.
Your spectral weapon shares its damage with you!
The soul eater hits your spectral weapon!
Your spectral weapon shares its damage with you!
Your spectral weapon fades away.
An ogre mage comes into view.
The ogre hits you with a giant club. The orc sorcerer casts a spell at you.
Helpless, you fail to dodge the bolt of fire.
* * * LOW HITPOINT WARNING * * *
The ogre mage gestures wildly while chanting.
The ogre mage blinks!
The orc wizard gestures wildly while chanting.
The orc wizard blinks!
The orc sorcerer hits you with a dagger.
* * * LOW HITPOINT WARNING * * *
The ogre hits you with a giant club.
* * * LOW HITPOINT WARNING * * *
The soul eater barely misses you.
The orc wizard casts a spell.
The orc wizard blinks!
The orc sorcerer hits you but does no damage.
The soul eater draws from the surrounding life force!
* * * LOW HITPOINT WARNING * * *
The ogre hits you with a giant club.
You die...

§§#_.....# §.#......
§8o.... ..... ## ...
#≈#+#o## # #§...§.# #
#§..8oO# # ##§..3@§# #
#≈§≈...≈###############
#≈≈≈≈§.≈§≈≈≈≈§§≈≈≈≈§§§≈
#≈§§≈.....§.........§§.
#≈§§§....)).....)......
#≈§§....#§§)..)8......#
##≈≈8..≈#§§.#.....#..≈#
#≈≈#..≈#≈..#§)..≈#..≈#
#≈§#..≈#≈§.#§...≈#..≈#


You could see a soul eater, an orc sorcerer, an ogre and 2 orc wizards.

Vanquished Creatures
  A frost giant (IceCv)
  An ogre mage (Orc:2)
  A death yak (IceCv)
  An orc high priest (Orc:1)
  An orc knight (Orc:1)
  An unseen horror (D:10)
  2 hill giants
  3 orc sorcerers (Orc:2)
  An ugly thing (D:11)
  An ice statue (IceCv)
  A freezing wraith (D:10)
  17 polar bears (IceCv)
  2 trolls
  Grinder (D:5)
  A hippogriff (D:7)
  A wraith (D:11)
  33 yaks
  Duvessa (D:5)
  A slave (D:6)
  14 orc warriors
  3 sky beasts
  A black bear (D:9)
  9 ogres
  17 wolves (IceCv)
  7 centaurs
  A crocodile (D:9)
  4 big kobolds
  3 bullfrogs
  2 gnoll sergeants
  Dowan (D:5)
  2 scorpions
  A wyvern skeleton (D:7)
  4 killer bees (D:8)
  4 howler monkeys
  4 centaur zombies
  3 crimson imps
  A quasit (D:9)
  A bullfrog zombie (D:11)
  A jelly (D:10)
  2 hounds
  Crazy Yiuf (D:6)
  A centaur skeleton (D:9)
  13 orc priests
  3 human zombies (Ossuary)
  2 iguanas
  Jessica (D:2)
  16 orc wizards
  7 worker ants
  3 big kobold zombies (Ossuary)
  3 hound zombies
  2 hound skeletons
  4 mummies
  7 adders
  10 gnolls
  2 river rats (Sewer)
  4 shadow imps
  4 adder zombies (Ossuary)
  2 adder skeletons
  2 worms (D:4)
  5 leopard geckos
  62 orcs
  10 giant cockroaches
  2 gnoll zombies (Ossuary)
  5 goblins
  6 hobgoblins
  3 jackals
  2 quokkas
  A ball python (D:3)
  7 bats
  6 frilled lizards
  6 hobgoblin zombies (Ossuary)
  4 jackal zombies (Ossuary)
  21 kobolds
  5 kobold zombies (Ossuary)
  A quokka skeleton (D:6)
  5 quokka zombies (Ossuary)
  9 rats
  A rat zombie (Ossuary)
  2 fungi (D:6)
406 creatures vanquished.

Vanquished Creatures (collateral kills)
  An adder (D:8)
  An orc (Orc:1)
2 creatures vanquished.

Vanquished Creatures (others)
  An orc (D:11)
  A frilled lizard (D:5)
  13 spectral weapons
15 creatures vanquished.

Grand Total: 423 creatures vanquished

Notes
Turn   | Place    | Note
-------+----------+-------------------------------------------
     0 | D:1      | tidbits the High Elf Skald began the quest for the Orb.
     0 | D:1      | Reached XP level 1. HP: 14/14 MP: 4/4
   105 | D:2      | Reached skill level 3 in Spellcasting
   143 | D:2      | Noticed Jessica
   157 | D:2      | Killed Jessica
   157 | D:2      | Reached skill level 3 in Long Blades
   157 | D:2      | Reached XP level 2. HP: 18/19 MP: 0/7
   157 | D:2      | Reached XP level 3. HP: 23/24 MP: 0/8
   166 | D:3      | Noticed Xiguana's ghost (amateur VSWz)
   208 | D:2      | Reached skill level 4 in Long Blades
   324 | D:1      | Learned a level 2 spell: Song of Slaying
   327 | D:1      | Learned a level 2 spell: Shroud of Golubria
   336 | D:1      | Found a shattered altar of Ashenzari.
   530 | D:2      | Found a bloodstained altar of Trog.
   619 | D:1      | Reached XP level 4. HP: 18/29 MP: 5/9
   635 | D:1      | Learned a level 3 spell: Spectral Weapon
   936 | D:2      | Reached skill level 1 in Hexes
  1205 | D:4      | Reached skill level 4 in Charms
  1317 | D:3      | Reached XP level 5. HP: 34/34 MP: 6/10
  1446 | D:3      | Reached skill level 2 in Hexes
  1637 | D:4      | Learned a level 2 spell: Repel Missiles
  1671 | D:4      | HP: 1/51 [worker ant (5)]
  1691 | D:4      | Reached skill level 4 in Spellcasting
  1691 | D:4      | Reached skill level 5 in Charms
  1691 | D:4      | Reached XP level 6. HP: 13/39 MP: 1/13
  1708 | D:4      | Learned a level 3 spell: Regeneration
  1856 | D:5      | Entered Level 5 of the Dungeon
  1865 | D:5      | Reached skill level 1 in Necromancy
  1878 | D:5      | Reached skill level 2 in Necromancy
  1979 | D:5      | Noticed Grinder
  1995 | D:5      | Found a sand-covered staircase.
  2002 | Ossuary  | Entered an ossuary
  2042 | Ossuary  | Reached skill level 1 in Bows
  2119 | Ossuary  | Reached skill level 2 in Bows
  2179 | Ossuary  | Reached skill level 3 in Bows
  2179 | Ossuary  | Reached XP level 7. HP: 44/45 MP: 1/14
  2315 | Ossuary  | Reached skill level 4 in Bows
  2437 | Ossuary  | Reached skill level 5 in Bows
  2569 | D:5      | Killed Grinder
  2569 | D:5      | Reached skill level 6 in Bows
  2814 | D:5      | Reached skill level 5 in Long Blades
  2834 | D:5      | Noticed Duvessa
  2855 | D:5      | Killed Duvessa
  2857 | D:5      | Noticed Dowan
  2875 | D:5      | Killed Dowan
  2875 | D:5      | Reached skill level 6 in Long Blades
  2875 | D:5      | Reached XP level 8. HP: 42/50 MP: 4/15
  3134 | D:6      | Reached skill level 7 in Long Blades
  3241 | D:6      | Found a glowing drain.
  3245 | Sewer    | Entered a sewer
  3353 | Sewer    | Found a white marble altar of Elyvilon.
  3467 | D:5      | Reached skill level 8 in Long Blades
  3594 | D:6      | Found a deep blue altar of Sif Muna.
  3595 | D:6      | Found a blossoming altar of Fedhas.
  3595 | D:6      | Found a radiant altar of Vehumet.
  3597 | D:6      | Found a shadowy altar of Dithmenos.
  3764 | D:6      | Reached skill level 2 in Dodging
  3777 | D:5      | Noticed Pikel
  3789 | D:6      | HP: 5/51 [slave[Pikel] (6)]
  3832 | D:6      | Found a sacrificial altar of Ru.
  4047 | D:6      | Found a runed door.
  4053 | D:6      | Noticed Crazy Yiuf
  4060 | D:6      | Killed Crazy Yiuf
  4060 | D:6      | Reached skill level 9 in Long Blades
  4155 | D:7      | Noticed a hippogriff
  4171 | D:7      | Killed a hippogriff
  4171 | D:7      | Reached skill level 3 in Fighting
  4178 | D:7      | Reached skill level 3 in Dodging
  4223 | D:7      | Reached XP level 9. HP: 41/57 MP: 8/16
  4358 | D:7      | Found a staircase to the Ecumenical Temple.
  4432 | Temple   | Entered the Ecumenical Temple
  4455 | Temple   | Became a worshipper of Makhleb the Destroyer
  4498 | D:7      | Reached skill level 10 in Long Blades
  4515 | D:7      | Got a pitted dagger {elec}
  4516 | D:7      | Identified the +2 dagger "Jyulor" {elec, rC- MR++ Int+2} (You took it off an orc on level 7 of the Dungeon)
  4610 | D:8      | Reached skill level 4 in Fighting
  4625 | D:8      | Reached skill level 4 in Dodging
  4850 | D:9      | Found a hide-covered altar of Uskayaw.
  4851 | D:9      | Reached * piety under Makhleb
  4914 | D:10     | Entered Level 10 of the Dungeon
  4930 | D:10     | Reached skill level 11 in Long Blades
  4936 | D:10     | Reached skill level 5 in Fighting
  4936 | D:10     | Reached skill level 5 in Dodging
  4984 | D:10     | Found a staircase to the Lair.
  5030 | D:11     | Reached XP level 10. HP: 30/66 MP: 9/17
  5079 | D:11     | Reached skill level 1 in Armour
  5100 | D:11     | Reached skill level 2 in Armour
  5101 | D:11     | Found a frozen archway.
  5101 | D:11     | Noticed a hill giant
  5129 | D:11     | Killed a hill giant
  5129 | D:11     | Reached skill level 3 in Armour
  5157 | IceCv    | Entered an ice cave
  5183 | IceCv    | Reached skill level 4 in Armour
  5213 | IceCv    | Reached skill level 5 in Armour
  5233 | IceCv    | Reached ** piety under Makhleb
  5233 | IceCv    | Reached skill level 6 in Armour
  5268 | IceCv    | Reached skill level 7 in Armour
  5285 | IceCv    | Reached skill level 8 in Armour
  5306 | IceCv    | Noticed a death yak
  5320 | IceCv    | Killed a death yak
  5320 | IceCv    | Reached XP level 11. HP: 46/72 MP: 7/18
  5412 | IceCv    | Reached skill level 1 in Invocations
  5416 | IceCv    | Reached skill level 12 in Long Blades
  5434 | IceCv    | Reached skill level 2 in Invocations
  5435 | IceCv    | Reached skill level 6 in Dodging
  5526 | IceCv    | Reached skill level 6 in Fighting
  5598 | IceCv    | HP: 7/72 [ice beast[an ice statue] (9)]
  5707 | IceCv    | Reached skill level 3 in Invocations
  5713 | IceCv    | Reached *** piety under Makhleb
  5877 | IceCv    | Noticed a frost giant
  5897 | IceCv    | Reached skill level 4 in Invocations
  5902 | IceCv    | Reached skill level 7 in Dodging
  5987 | IceCv    | Killed a frost giant
  5987 | IceCv    | Reached skill level 7 in Fighting
  6065 | D:11     | Learned a level 2 spell: Blink
  6146 | D:11     | Found a roughly hewn altar of Beogh.
  6158 | D:11     | Reached skill level 5 in Invocations
  6195 | D:11     | Reached skill level 1 in Translocations
  6223 | D:11     | Reached skill level 1 in Shields
  6259 | D:11     | Noticed a cyan ugly thing
  6282 | D:11     | Killed a cyan ugly thing
  6282 | D:11     | Reached XP level 12. HP: 81/81 MP: 12/19
  6368 | D:10     | Reached skill level 2 in Translocations
  6508 | D:10     | Reached **** piety under Makhleb
  6508 | D:10     | Reached skill level 2 in Shields
  6567 | D:10     | Reached skill level 3 in Translocations
  6567 | D:10     | Reached skill level 6 in Invocations
  6741 | D:8      | Reached skill level 3 in Shields
  6927 | D:9      | Found Ama Vyll's Armour Boutique.
  6935 | D:9      | Bought a +0 helmet for 76 gold pieces
  7053 | D:9      | Reached skill level 4 in Translocations
  7140 | D:10     | Found a staircase to the Orcish Mines.
  7166 | D:10     | Reached ***** piety under Makhleb
  7189 | Orc:1    | Entered Level 1 of the Orcish Mines
  7201 | Orc:1    | Reached skill level 1 in Evocations
  7260 | Orc:1    | Noticed an orc high priest
  7386 | Orc:1    | Reached skill level 4 in Shields
  7400 | Orc:1    | Reached skill level 2 in Evocations
  7405 | Orc:1    | Killed an orc high priest
  7476 | Orc:1    | Reached skill level 3 in Evocations
  7533 | Orc:2    | Entered Level 2 of the Orcish Mines
  7533 | Orc:2    | Found a roughly hewn altar of Beogh.
  7581 | Orc:2    | Found a roughly hewn altar of Beogh.
  7608 | Orc:2    | Found a staircase to the Elven Halls.
  7645 | Orc:2    | Reached skill level 4 in Evocations
  7663 | Orc:2    | Found Gufeush's Magic Scroll Shoppe.
  7673 | Orc:2    | Reached skill level 13 in Long Blades
  7694 | Orc:2    | Noticed an ogre mage
  7706 | Orc:2    | Killed an ogre mage
  7732 | Orc:2    | Bought 3 scrolls of identify for 84 gold pieces
  7732 | Orc:2    | Bought a scroll of identify for 28 gold pieces
  7732 | Orc:2    | Bought a scroll of identify for 28 gold pieces
  7751 | Orc:2    | Found a radiant altar of Vehumet.
  7760 | Orc:2    | Paralysed by an orc sorcerer for 7 turns
  7762 | Orc:2    | Noticed an ogre mage
  7764 | Orc:2    | HP: 1/81 [soul eater/drain life[an orc sorcerer] (12)]
  7764 | Orc:2    | Slain by an ogre

Skill      XL: |  1  2  3  4  5  6  7  8  9 10 11 12 |
---------------+-------------------------------------+-----
Spellcasting   | 3 4 |  4.1
Long Blades    | 3 4 6 9 11 12 13 | 13.2
Hexes          | 1 2 |  2.1
Charms         | 4 5 |  5.0
Necromancy     | 2 |  2.2
Bows           | 3 6 |  6.7
Dodging        | 3 5 7 |  7.9
Fighting       | 3 5 7 |  7.5
Armour         | 8 |  8.5
Invocations    | 5 6 |  6.8
Translocations | 1 4 |  4.2
Shields        | 1 4 |  4.4
Evocations     | 4 |  4.4

Action                   |  1- 3 |  4- 6 |  7- 9 | 10-12 || total
-------------------------+-------+-------+-------+-------++-------
Melee: Falchion          |    77 |   185 |   125 |       ||   387
       Scimitar          |       |       |   147 |    89 ||   236
       Rapier            |       |       |    48 |   373 ||   421
 Fire: Shortbow          |       |    22 |    32 |     3 ||    57
Throw: Stone             |       |     3 |     4 |       ||     7
       Javelin           |       |       |       |     6 ||     6
 Cast: Infusion          |    12 |    22 |     4 |       ||    38
       Shroud of Golubri |       |     4 |    10 |    18 ||    32
       Repel Missiles    |       |     2 |     2 |     1 ||     5
       Song of Slaying   |       |     1 |       |       ||     1
       Spectral Weapon   |       |     4 |    54 |    52 ||   110
       Regeneration      |       |     4 |    16 |    28 ||    48
Invok: Lesser Servant of |       |       |       |     2 ||     2
Evoke: Wand              |       |       |     5 |     4 ||     9
  Use: Potion            |       |     4 |     2 |     7 ||    13
       Scroll            |       |     2 |    16 |    13 ||    31
 Stab: Sleeping          |     1 |     1 |     1 |     2 ||     5
       Distracted        |       |       |     2 |     6 ||     8
       Paralysed         |       |       |       |     2 ||     2
  Eat: Chunk             |       |     7 |    13 |    13 ||    33
       Bread ration      |       |       |     1 |       ||     1
       Beef jerky        |       |       |     1 |       ||     1
       Fruit             |       |       |       |     7 ||     7
Armor: Leather armour    |     2 |       |       |       ||     2
       Ring mail         |    27 |    45 |    73 |    99 ||   244
       Skin              |       |    20 |       |       ||    20
Dodge: Dodged            |    45 |    80 |   122 |   273 ||   520
       Deflected         |       |     1 |     7 |     5 ||    13
Block: Other             |       |    10 |    42 |    34 ||    86
       Reflection        |       |       |     3 |     9 ||    12
       Buckler           |       |       |       |    70 ||    70
       Rpst.: Falchion   |    10 |    25 |    13 |       ||    48
       Scimitar          |       |       |    15 |    28 ||    43

Table legend:
 A = Turns spent in this place as a percentage of turns spent in the entire game.
 B = Non-inter-level travel turns spent in this place as a percentage of non-inter-level travel turns spent in the entire game.
 C = Inter-level travel turns spent in this place as a percentage of turns spent in this place.
 D = Turns resting spent in this place as a percentage of non-inter-level travel turns spent in this place.
 E = Turns spent auto-exploring this place as a percentage of non-inter-level travel turns spent in this place.
 F = Non-inter-level travel turns spent in this place divided by the number of levels of this place that you've seen.
                   A       B       C       D       E      F
               +-------+-------+-------+-------+-------+----------------------
         Total | 100.0 | 100.0 |   0.2 |   0.0 |   0.0 | 413.6
       Dungeon |  69.9 |  69.9 |   0.2 |   0.0 |   0.0 | 446.9
        Temple |   0.4 |   0.3 |   4.0 |   0.0 |   0.0 |  24.0
  Orcish Mines |   7.0 |   7.0 |   0.0 |   0.0 |   0.0 | 247.0
         Sewer |   1.9 |   1.9 |   0.0 |   0.0 |   0.0 | 135.0
       Ossuary |   7.6 |   7.6 |   0.0 |   0.0 |   0.0 | 533.0
      Ice Cave |  13.2 |  13.2 |   0.0 |   0.0 |   0.0 | 930.0
               +-------+-------+-------+-------+-------+----------------------

Table legend:
 A = Kills in this place as a percentage of kills in entire the game.
 B = Kills by you in this place as a percentage of kills by you in the entire game.
 C = Kills by friends in this place as a percentage of kills by friends in the entire game.
 D = Other kills in this place as a percentage of other kills in the entire game.
 E = Experience gained in this place as a percentage of experience gained in the entire game.
 F = Experience gained in this place divided by the number of levels of this place that you have seen.
                   A       B       C       D       E      F
               +-------+-------+-------+-------+-------+----------------------
         Total | 100.0 | 100.0 | 100.0 | 100.0 | 100.0 | 2019.8
       Dungeon |  61.8 |  61.8 |  50.0 |  66.7 |  38.5 | 1202.9
  Orcish Mines |  12.6 |  12.2 |  50.0 |  33.3 |  18.9 | 3240.0
         Sewer |   2.2 |   2.2 |   0.0 |   0.0 |   0.4 | 134.0
       Ossuary |   9.6 |   9.7 |   0.0 |   0.0 |   1.2 | 410.0
      Ice Cave |  13.8 |  14.0 |   0.0 |   0.0 |  41.0 | 14080.0
               +-------+-------+-------+-------+-------+----------------------

Vault maps used:
D:1:      scummos_arrival_checkerplants, evilmike_ruin_ashenzari
D:2:      lemuel_doored_altar, first_bread, uniq_jessica
D:4:      kennysheep_mini, nrook_mini_vaults, eino_small_chamber_without_monster
D:5:      gup_ossuary_entry_pyramid, uniq_pikel, uniq_duvessa, uniq_grinder
D:6:      chequers_temple_overflow_statue_of_worship, nicolae_ru_path_of_blood,
          serial_glass, glass_columns_b, glass_columns_b,
          gup_sewer_entry_spiral, uniq_crazy_yiuf_cottage
D:7:      grunt_gozag_statues, minmay_temple_entry_large_hall
D:8:      kennysheep_seaside_town
D:9:      eat_drink_and_be_merry_uskayaw, serial_shops, nicolae_shop_stone
D:10:     hangedman_cross_stitches, dpeg_oklobed_lair, erik_orc_3,
          grunt_pizzeria
D:11:     special_room, portal_ice_cave_entry_pillars_1
Temple:   minmay_temple_bridge_abc
Orc:2:    kennysheep_orc_mage_school, special_room, basic_altar,
          david_defended_altar_orc
Sewer:    sewer_kobolds
Ossuary:  minmay_ossuary_two_tombs
IceCv:    ice_cave_caverns_01
